 Dungeon Crawl Stone Soup version 0.23.2-33-g5129a83184 (webtiles) character file.

Game seed: 6092705943865873658

225368 DildoBatman the Peltast (level 20, -22/153 HPs)
             Began as a Formicid Wizard on June 29, 2019.
             Was an Initiate of Gozag.
             Collided with a rock wall (30 damage)
             ... caused by Bai Suzhen
             ... on level 2 of the Shoals on July 2, 2019.
             The game lasted 03:00:01 (34523 turns).

DildoBatman the Peltast (Formicid Wizard)          Turns: 34523, Time: 03:00:02

Health: -22/153    AC: 15    Str: 13    XL:     20   Next: 10%
Magic:  23/37      EV: 29    Int: 32    God:    Gozag
Gold:   4957       SH: 18    Dex: 13    Spells: 2/45 levels left

rFire    . . .     SeeInvis +   a - +9 scimitar of Laclyuh {slice, Dex+7}
rCold    + . .     Gourm    .   T - +0 large shield
rNeg     . . .     Faith    .   q - +2 robe {MR+}
rPois    .         Spirit   .   (helmet unavailable)
rElec    .         Reflect  .   A - +2 cloak of the Illusory Nights {rCorr Dex-3 SInv Stlth+}
rCorr    +         Harm     .   i - +2 pair of gloves
MR       +++..                  j - +0 pair of boots
Stlth    ++++......             m - amulet of the Duke {RegenMP Int+6}
HPRegen  0.35/turn              p - +4 ring of evasion
MPRegen  0.50/turn              M - ring of Phasing {EV+8}

@: no status effects
A: permanent stasis, dig shafts and tunnels, four strong arms, antennae 3, thin
metallic scales 1, cold resistance 1, screaming 1
}: 1/15 runes: serpentine
a: Dig, Shaft Self, Potion Petition, Call Merchant, Bribe Branch, Renounce
Religion


You were on level 2 of the Shoals.
You worshipped Gozag.
Gozag was most pleased with you.
You were full.

You visited 6 branches of the dungeon, and saw 32 of its levels.
You also visited: Sewer, Ossuary and Bailey.

You collected 10816 gold pieces.
You spent 5617 gold pieces at shops.
You paid 242 gold pieces to Gozag.

Inventory:

Hand Weapons
 a - the +9 scimitar of Laclyuh (weapon) {slice, Dex+7}
   (You found it on level 11 of the Dungeon)

   It inflicts extra damage upon your enemies.
   It affects your dexterity (+7).
 b - the +9 hand crossbow of the Unseen Realm {venom, rC+++ rN+ Str+3 Int-2}
   (You bought it in a shop on level 2 of the Orcish Mines)

   It poisons the ammo it fires.
   It affects your strength (+3).
   It affects your intelligence (-2).
   It renders you almost immune to cold.
   It protects you from negative energy.
Missiles
 n - 590 bolts
 y - 105 sling bullets
 N - a throwing net (quivered)
 P - 73 arrows
 X - 16 javelins
Armour
 i - a +2 pair of gloves (worn)
 j - a +0 pair of boots (worn)
 q - a +2 robe of magic resistance (worn)
 A - the +2 cloak of the Illusory Nights (worn) {rCorr Dex-3 SInv Stlth+}
   (You found it on level 12 of the Dungeon)

   It affects your dexterity (-3).
   It lets you see invisible.
   It provides partial protection from all sources of acid and corrosion.
   It makes you more stealthy.
 H - the +5 ring mail "Ahuroisk" {rPois SInv}
   (You found it on level 2 of the Shoals)

   It protects you from poison.
   It lets you see invisible.
 O - the cursed +0 scale mail "Vuchyqy" {rF+, unknown}
   (You found it on level 2 of the Shoals)

   It protects you from fire.
   It has a curse placed upon it.
 T - a +0 large shield (worn)
Magical Staves
 E - an uncursed staff of energy
 Z - an uncursed staff of cold {unknown}
Jewellery
 m - the amulet of the Duke (around neck) {RegenMP Int+6}
   (You bought it in a shop on level 5 of the Dungeon)

   [amulet of magic regeneration]

   It increases your magic regeneration.
   It affects your intelligence (+6).
 p - a +4 ring of evasion (left hand)
 s - the ring "Ryfusal" {Wiz rElec}
   (You found it on level 10 of the Dungeon)

   [ring of wizardry]

   It improves your spell success rate.
   It insulates you from electricity.
 M - the ring of Phasing (right hand) {EV+8}
   (You bought it in a shop on level 5 of the Dungeon)

   [ring of evasion]

   It affects your evasion (+8).
 S - an uncursed amulet of the gourmand {unknown}
Wands
 c - a wand of flame (60)
 e - a wand of clouds (4)
 o - a wand of iceblast (43)
 F - a wand of scattershot (6)
 J - a wand of paralysis (9)
 U - a wand of disintegration (27)
 V - a wand of acid (1)
Scrolls
 d - 5 scrolls of fog
 r - 5 scrolls of summoning
 t - a scroll of enchant armour
 x - 11 scrolls of remove curse
 z - 14 scrolls of identify
 C - 2 scrolls of magic mapping
 I - a scroll of immolation {unknown}
 Q - a scroll of amnesia
Potions
 f - 3 potions of agility
 g - 19 potions of curing
 h - 2 potions of magic
 k - 8 potions of heal wounds
 l - 8 potions of might
 u - 6 potions of flight
 w - 9 potions of cancellation
 D - 3 potions of resistance
 G - 10 potions of brilliance
 R - 2 potions of invisibility
 W - 2 potions of ambrosia
Miscellaneous
 B - a lamp of fire
 K - 2 sacks of spiders
 L - a phial of floods
Comestibles
 v - 25 rations


   Skills:
 - Level 12.0 Fighting
   Level 1.0(3.8) Short Blades
 - Level 5.9(6.0) Long Blades
   Level 4.1 Polearms
 - Level 6.1 Crossbows
 - Level 10.0 Armour
 - Level 8.2 Dodging
 - Level 6.0 Stealth
 - Level 15.0 Shields
 - Level 13.0 Spellcasting
 - Level 5.0 Conjurations
 * Level 6.3 Charms
 * Level 1.0 Summonings
 - Level 12.0 Necromancy
   Level 0.8 Translocations
 - Level 4.0 Fire Magic
 * Level 5.7 Air Magic
 - Level 12.0 Earth Magic
 - Level 8.0 Poison Magic
 - Level 6.0 Evocations


You had 2 spell levels left.
You knew the following spells:

 Your Spells              Type           Power        Failure   Level  Hunger
a - Conjure Flame         Conj/Fire      #####...     1%          3    None
b - Borgnjor's Vile Clut  Necr/Erth      #######...   1%          5    None
c - Spectral Weapon       Hex/Chrm       #####...     1%          3    None
d - Regeneration          Chrm/Necr      ######....   1%          3    None
e - Mephitic Cloud        Conj/Pois/Air  ######..     1%          3    None
f - Aura of Abjuration    Summ           ####......   38%         5    None
g - Deflect Missiles      Chrm/Air       ######....   28%         6    ####...
h - Dispel Undead         Necr           #######.     1%          5    None
i - Necromutation         Tmut/Necr      ######....   100%        8    #######
z - Sublimation of Blood  Necr           #######...   1%          2    None

Your spell library contained the following spells:

 Spells                   Type           Power        Failure   Level  Hunger
 Animate Skeleton         Necr           N/A          0%          1    None
 Pain                     Necr           ####         0%          1    None
 Apportation              Tloc           ####..       1%          1    None
 Infusion                 Chrm           ####         1%          1    None
 Magic Dart               Conj           ####         1%          1    None
 Sting                    Conj/Pois      ####         1%          1    None
 Summon Butterflies       Summ           ####....     1%          1    None
 Summon Small Mammal      Summ           ####         1%          1    None
 Poisonous Vapours        Pois/Air       ######       1%          2    None
 Shroud of Golubria       Chrm/Tloc      #####.....   1%          2    None
 Song of Slaying          Chrm           ######..     1%          2    None
 Confusing Touch          Hex            ###...       2%          1    None
 Corona                   Hex            ###....      2%          1    None
 Call Imp                 Summ           ####....     2%          2    None
 Slow                     Hex            ###.....     3%          2    None
 Leda's Liquefaction      Hex/Erth       ######....   1%          4    None
 Olgreb's Toxic Radiance  Pois           ######..     1%          4    None
 Agony                    Necr           #######.     1%          5    None
 Death Channel            Necr           #######...   2%          6    ####...
 Inner Flame              Hex/Fire       ####....     3%          3    None
 Bolt of Magma            Conj/Fire/Erth ######....   3%          5    None
 Call Canine Familiar     Summ           ####....     4%          3    None
 Lesser Beckoning         Tloc           ####......   4%          3    None
 Recall                   Summ/Tloc      N/A          4%          3    None
 Venom Bolt               Conj/Pois      ######....   4%          5    None
 Portal Projectile        Hex/Tloc       ###...       5%          3    None
 Tukima's Dance           Hex            ###.....     7%          3    None
 Iron Shot                Conj/Erth      ######....   11%         6    ####...
 Alistair's Intoxication  Tmut/Pois      #####...     12%         5    None
 Summon Ice Beast         Ice/Summ       ###.....     19%         4    None
 Silence                  Hex/Air        #####.....   19%         5    None
 Cause Fear               Hex            ###.......   22%         4    None
 Simulacrum               Ice/Necr       ######....   28%         6    ####...
 Statue Form              Tmut/Erth      ######...    28%         6    ####...
 Summon Demon             Summ           ####......   38%         5    None
 Summon Forest            Summ/Tloc      ####......   38%         5    None
 Summon Mana Viper        Hex/Summ       ###.....     45%         5    None
 Yara's Violent Unravell  Hex/Tmut       ###.......   52%         5    None
 Borgnjor's Revivificati  Necr           #######...   71%         8    #######
 Infestation              Necr           #######...   71%         8    #######
 Haunt                    Necr/Summ      ######....   78%         7    #####..
 Shadow Creatures         Summ           N/A          92%         6    ####...
 Invisibility             Hex            ###.....     98%         6    ####...
 Death's Door             Chrm/Necr      ######....   98%         8    #######
 Summon Hydra             Summ           ####......   100%        7    #####..
 Discord                  Hex            ###.......   100%        8    #######
 Shatter                  Erth           #######...   100%        9    #######
 Blink                    Tloc           Unusable     N/A         2    N/A

Dungeon Overview and Level Annotations

Branches:
Dungeon (15/15)            Temple (1/1) D:4            Lair (6/6) D:8
 Shoals (4/4) Lair:4        Snake (4/4) Lair:3        Slime (0/5) Lair:6
    Orc (2/2) D:11            Elf (0/3) Orc:2        Vaults (0/5) D:14
 Depths (0/5) D:15

Altars:
Ashenzari
Cheibriados
Dithmenos
Elyvilon
Fedhas
Gozag
Hepliaklqana
Kikubaaqudgha
Makhleb
Nemelex Xobeh
Okawaru
Qazlal
Ru
Sif Muna
Trog
Uskayaw
Vehumet
Wu Jian
Xom
Yredelemnul
Zin
The Shining One
Jiyva

Shops:
D:5 =   D:9 *   D:15 ?   Orc:2 :(!?   Shoals:1 =   Snake:2 *=

Portals:
Pandemonium: Orc:2

Annotations:
Shoals:2 Bai Suzhen
Shoals:4 Ilsuiw


Innate Abilities, Weirdness & Mutations

You cannot be hasted, slowed, berserked, paralysed or teleported.
You can dig through walls and to a lower floor.
Your four strong arms can wield two-handed weapons with a shield.
You have a pair of large antennae on your head. (SInv)
You are partially covered in thin metallic scales. (AC +2)
Your flesh is cold resistant. (rC+)
You occasionally shout uncontrollably at your foes.


Message History

Zombie hands grab Bai Suzhen.
Splash!
You fall into the shallow water.
Moving in this stuff is going to be slow.
You are standing in a thunderstorm.
You are struck by lightning!
The zombie hands constrict Bai Suzhen, but do no damage.
Bai Suzhen bites you! Bai Suzhen claws you! You block Bai Suzhen's attack.
Lightning arcs down from a storm cloud!
The zombie hands constrict Bai Suzhen.
Bai Suzhen struggles to escape constriction.
The zombie hands constrict Bai Suzhen.
Bai Suzhen breathes water at you. The torrent of water hits you!!
You are knocked back by the torrent of water.
You slam into the rock wall!
You die...
Your body crumbles into a pile of gold.

≈≈≈≈≈≈≈≈≈≈≈≈≈≈≈≈≈≈≈≈≈≈≈
≈≈≈≈≈≈≈≈≈≈≈≈≈≈≈≈)....≈≈≈≈
≈≈≈≈≈≈≈≈≈≈≈≈≈≈≈≈≈.....≈≈≈≈
≈≈≈≈≈≈≈≈≈≈≈≈≈≈≈≈≈.....≈≈≈≈
≈≈≈≈≈≈≈≈≈≈≈≈≈≈........≈≈≈≈
≈≈≈≈≈≈≈≈≈≈≈≈≈≈..?.....≈≈≈≈
≈≈≈≈≈≈≈≈≈≈≈§≈§≈.......≈≈≈≈
≈≈≈≈≈≈.....≈D§...##..≈≈≈(≈
≈≈≈≈.....@≈≈§>..###.≈≈≈(.≈
≈≈≈.....##.≈≈.).....≈≈≈≈.≈
≈≈......##....≈.....)≈≈≈.≈
≈≈............≈..(...≈≈≈≈≈
≈≈≈..≈.:...≈≈≈≈...(..≈≈≈≈≈
≈≈≈≈≈..≈..≈≈≈≈≈....?≈≈..≈≈
≈≈≈≈≈≈....≈≈≈≈≈≈...≈≈≈≈≈≈.
≈≈≈≈≈≈≈..≈≈≈≈≈≈≈≈....≈≈≈..
≈≈≈≈≈≈≈≈≈≈≈≈≈≈≈≈≈≈≈..≈≈≈.#


You could see Bai Suzhen.

Vanquished Creatures
  Vashnia (Snake:2)
  Rupert (D:12)
  7 nagarajas (Snake:4)
  The ghost of Ge0ff the Geomancer, a journeyman GrEE of Makhleb (D:14)
  Louise (Snake:2)
  Aizul (Snake:2)
  A stone giant (Orc:2)
  A merfolk javelineer (Shoals:3)
  Fannar (Lair:3)
  Josephine (D:9)
  A yaktaur captain (D:10)
  The ghost of Xantor the Basher, a journeyman MiFi of Makhleb (Lair:1)
  12 naga warriors
  3 centaur warriors
  4 catoblepae
  9 hydras
  3 merfolk aquamancers
  2 tengu warriors (D:14)
  3 anacondas
  An alligator snapping turtle (Shoals:1)
  7 orc high priests (Orc:2)
  3 two-headed ogres
  A satyr (Shoals:3)
  17 naga sharpshooters
  Sonja (Lair:4)
  8 death yaks (Lair:6)
  2 shock serpents
  The ghost of Mrkan the Basher, a novice GrFi of Gozag (D:9)
  2 salamander mystics
  4 skeletal warriors (D:15)
  7 sea snakes
  2 unseen horrors
  3 infernal demonspawn (Orc:2)
  8 naga ritualists
  A wizard (D:11)
  10 mana vipers
  6 orc knights
  5 harpies
  4 orc sorcerers (Orc:2)
  22 ugly things
  4 deep elf magi
  4 fauns
  5 salamanders
  7 cyclopes
  5 manticores
  Maurice (D:9)
  A water nymph (Shoals:4)
  30 black mambas
  A guardian serpent (Snake:4)
  26 naga magi
  2 rust devils (Orc:2)
  6 elephants (Lair:4)
  An orange demon (Orc:2)
  A gargoyle (D:11)
  A yaktaur (D:11)
  9 spiny frogs
  3 rime drakes
  14 komodo dragons
  A queen bee (D:15)
  9 trolls
  3 meliai (D:15)
  10 merfolk
  13 dream sheep
  A raiju (shapeshifter) (D:9)
  2 snapping turtles
  9 hippogriffs
  20 blink frogs
  2 slime creatures (D:13)
  33 yaks
  2 shadows
  8 water elementals
  A spriggan (shapeshifter) (D:9)
  6 wraiths
  2 ynoxinuls (Orc:2)
  A vampire (D:15)
  9 wyverns
  A fire elemental (D:12)
  9 fire bats
  3 neqoxecs (D:9)
  3 basilisks
  A steam dragon (D:13)
  A golden eye (shapeshifter) (D:9)
  A two-headed ogre zombie (D:11)
  4 hungry ghosts
  5 vampire mosquitoes
  3 wargs
  13 water moccasins
  3 acid dragons
  A hell hound (D:12)
  A soldier ant (D:12)
  The ghost of Ashiichan the Firebug, an amateur GrFE of Nemelex Xobeh (D:4)
  48 nagas
  3 ice beasts
  9 porcupines
  2 black bears
  44 orc warriors
  2 sky beasts
  4 phantoms
  An elf zombie (D:11)
  A necrophage (D:13)
  An eye of draining (D:15)
  8 ogres
  A manticore zombie (D:7)
  3 wolves (Lair:6)
  6 centaurs
  A manticore skeleton (D:11)
  11 crocodiles
  2 hippogriff zombies
  3 cyclops zombies
  Blork the orc (D:6)
  12 bullfrogs
  A water moccasin zombie (D:7)
  A wyvern skeleton (D:14)
  12 scorpions
  A water moccasin skeleton (D:6)
  A warg zombie (Orc:1)
  17 killer bees
  A warg skeleton (Orc:1)
  3 troll zombies (D:11)
  19 wights
  A troll skeleton (D:8)
  7 howler monkeys
  2 electric eels
  12 centaur zombies
  4 crimson imps
  A quasit (D:10)
  5 hounds
  2 bullfrog zombies
  4 human zombies
  A jelly (D:7)
  3 centaur skeletons
  31 orc priests
  A bullfrog skeleton (D:7)
  23 orc wizards
  2 iguanas
  10 worker ants
  8 merfolk sirens
  6 merfolk avatars
  5 ogre zombies (D:11)
  3 hound zombies
  4 ogre skeletons
  3 hound skeletons
  4 mummies
  A howler monkey zombie (D:11)
  A worker ant zombie (D:10)
  5 scorpion zombies
  17 adders
  5 orc skeletons
  A river rat (Sewer)
  A gnoll skeleton (Orc:1)
  6 shadow imps
  2 oozes (D:3)
  2 adder zombies
  An adder skeleton (D:9)
  3 worms
  3 dart slugs
  5 leopard geckos
  102 orcs
  11 giant cockroaches
  4 gnoll zombies (Ossuary)
  8 goblins
  12 hobgoblins
  12 jackals
  10 kobolds
  6 quokkas
  7 ball pythons
  6 bats
  14 frilled lizards
  A goblin skeleton (D:8)
  4 goblin zombies
  A hobgoblin skeleton (D:11)
  6 hobgoblin zombies
  A jackal skeleton (D:4)
  A jackal zombie (D:3)
  2 kobold zombies (Ossuary)
  A leopard gecko zombie (D:6)
  30 orc zombies
  A quokka skeleton (D:8)
  35 rats
  5 fungi
  15 plants
1181 creatures vanquished.

Vanquished Creatures (others)
  A fire giant (D:15)
  2 dancing weapons (D:14)
  A harpy (Shoals:4)
  A shadow (D:11)
  A water elemental (Shoals:2)
  A human (D:7)
  A scorpion (Ossuary)
  A howler monkey (D:11)
  3 fungi
  4 plants
16 creatures vanquished.

Grand Total: 1197 creatures vanquished

Notes
Turn   | Place    | Note
-------+----------+-------------------------------------------
     0 | D:1      | DildoBatman the Formicid Wizard began the quest for the
                  | Orb.
     0 | D:1      | Reached XP level 1. HP: 13/13 MP: 4/4
    28 | D:1      | Reached skill level 1 in Conjurations
   125 | D:1      | Reached XP level 2. HP: 19/19 MP: 1/6
   732 | D:2      | Reached XP level 3. HP: 22/24 MP: 7/7
   756 | D:2      | Learned a level 3 spell: Conjure Flame
   760 | D:2      | Learned a level 3 spell: Mephitic Cloud
   850 | D:2      | HP: 1/24 [quokka (2)]
  1069 | D:2      | Reached XP level 4. HP: 10/30 MP: 0/8
  1495 | D:3      | Noticed a sky beast
  1984 | D:4      | Got a slimy buckler
  1992 | D:4      | Found a basalt altar of Yredelemnul.
  1996 | D:4      | Found a sacrificial altar of Ru.
  2000 | D:4      | Found a shadowy altar of Dithmenos.
  2003 | D:4      | Found a sparkling altar of Nemelex Xobeh.
  2021 | D:4      | Identified the cursed +0 buckler of Tempters {Dex+4} (You
                  | found it on level 4 of the Dungeon)
  2035 | D:4      | Found a staircase to the Ecumenical Temple.
  2053 | Temple   | Entered the Ecumenical Temple
  2137 | Temple   | Became a worshipper of Kikubaaqudgha
  2184 | D:4      | Reached skill level 1 in Shields
  2184 | D:4      | Reached XP level 5. HP: 9/35 MP: 3/9
  2253 | D:4      | Reached skill level 2 in Shields
  2262 | D:4      | Reached skill level 1 in Short Blades
  2357 | D:4      | Found a glowing drain.
  2361 | Sewer    | Entered a sewer
  2568 | Sewer    | Reached * piety under Kikubaaqudgha
  2568 | Sewer    | Identified Kikubaaqudgha's Grimoire of Unholy Rituals
                  | (Kikubaaqudgha gifted it to you in a sewer)
  2568 | Sewer    | Received a gift from Kikubaaqudgha
  2576 | Sewer    | Learned a level 3 spell: Regeneration
  2635 | Sewer    | Reached XP level 6. HP: 41/41 MP: 10/10
  2750 | Sewer    | Reached skill level 1 in Poison Magic
  2939 | Sewer    | Reached skill level 3 in Shields
  3025 | D:4      | Found a large runed translucent door.
  3025 | D:4      | Found a large runed translucent door.
  3032 | D:4      | Noticed Ashiichan's ghost (amateur GrFE)
  3057 | D:4      | Reached skill level 1 in Air Magic
  3184 | D:4      | Reached ** piety under Kikubaaqudgha
  3352 | D:5      | Entered Level 5 of the Dungeon
  3421 | D:5      | Reached XP level 7. HP: 31/46 MP: 7/12
  3691 | D:5      | Found Giudghoud's Jewellery Shop.
  3994 | D:5      | Found a basalt altar of Yredelemnul.
  4199 | D:3      | Reached skill level 1 in Armour
  4333 | D:3      | Reached skill level 1 in Fighting
  4333 | D:3      | Reached skill level 1 in Fire Magic
  4401 | D:6      | Reached skill level 1 in Charms
  4401 | D:6      | Reached skill level 1 in Necromancy
  4461 | D:6      | Reached XP level 8. HP: 54/54 MP: 10/13
  4589 | D:6      | Found a sand-covered staircase.
  4745 | D:6      | Noticed Blork the orc
  4769 | D:6      | Reached *** piety under Kikubaaqudgha
  4769 | D:6      | Identified Kikubaaqudgha's Compendium of Black Arts
                  | (Kikubaaqudgha gifted it to you on level 6 of the Dungeon)
  4769 | D:6      | Received a gift from Kikubaaqudgha
  4781 | D:6      | Learned a level 2 spell: Sublimation of Blood
  4821 | D:6      | Killed Blork the orc
  4842 | D:6      | Got an ichor-stained leather armour
  4873 | D:6      | Identified the +1 leather armour "Zemot" {rF+ Str+5 Dex-5
                  | SInv} (You found it on level 6 of the Dungeon)
  4878 | Ossuary  | Entered an ossuary
  5064 | Ossuary  | Reached skill level 4 in Shields
  5244 | Ossuary  | Reached XP level 9. HP: 48/62 MP: 9/15
  5317 | Ossuary  | Reached **** piety under Kikubaaqudgha
  5541 | D:6      | Reached skill level 5 in Conjurations
  6816 | D:7      | Found an ancient bone altar of Kikubaaqudgha.
  7005 | D:8      | Reached skill level 5 in Shields
  7013 | D:8      | Reached skill level 5 in Stealth
  7123 | D:8      | Found a staircase to the Lair.
  7157 | D:8      | Reached XP level 10. HP: 27/71 MP: 2/16
  7451 | D:8      | Reached ***** piety under Kikubaaqudgha
  8128 | D:8      | Reached skill level 5 in Poison Magic
  8296 | D:8      | Gained mutation: Scrolls take you a little longer to read.
                  | [potion of mutation]
  8296 | D:8      | Gained mutation: Your movements are slightly less
                  | encumbered by armour. (ER -2) [potion of mutation]
  8297 | D:8      | Lost mutation: Scrolls take you a little longer to read.
                  | [potion of mutation]
  8297 | D:8      | Lost mutation: Your movements are slightly less encumbered
                  | by armour. (ER -2) [potion of mutation]
  8297 | D:8      | Gained mutation: Scrolls take you a little longer to read.
                  | [potion of mutation]
  8297 | D:8      | Gained mutation: You are somewhat resistant to further
                  | mutation. [potion of mutation]
  8297 | D:8      | Gained mutation: Your flesh is heat resistant. (rF+)
                  | [potion of mutation]
  8415 | D:9      | Noticed Maurice
  8435 | D:9      | Killed Maurice
  8636 | D:9      | Found Kaca's Assorted Antiques.
  8799 | D:9      | Found a runed translucent gate.
  8799 | D:9      | Found a runed translucent gate.
  8799 | D:9      | Found a runed translucent gate.
  8799 | D:9      | Noticed a white ugly thing
  8799 | D:9      | Noticed a red ugly thing
  8799 | D:9      | Noticed a purple ugly thing
  8800 | D:9      | Noticed a red ugly thing
  8833 | D:9      | Found a glowing golden altar of the Shining One.
  8847 | D:9      | Reached skill level 1 in Polearms
  8893 | D:9      | Reached skill level 1 in Evocations
  9286 | D:10     | Entered Level 10 of the Dungeon
  9325 | D:10     | Got a scorched leather armour
  9367 | D:10     | Identified the +1 leather armour of Eternal Vigilance
                  | {rPois rF+ Str-5 Int+4} (You found it on level 10 of the
                  | Dungeon)
  9375 | D:10     | Found a flagged portal.
  9395 | D:10     | Reached skill level 5 in Armour
  9416 | D:10     | Noticed a deep elf mage
  9425 | D:10     | Reached skill level 5 in Fighting
  9431 | D:10     | Killed a deep elf mage
  9431 | D:10     | Reached XP level 11. HP: 27/79 MP: 9/17
  9506 | D:10     | Got a shimmering copper ring
  9516 | D:10     | Identified the ring "Ryfusal" {Wiz rElec} (You found it on
                  | level 10 of the Dungeon)
  9637 | Bailey   | Entered a bailey
  9823 | Bailey   | Reached ****** piety under Kikubaaqudgha
  9825 | Bailey   | Received a gift from Kikubaaqudgha
  9829 | Bailey   | Fell from the grace of Kikubaaqudgha
 10042 | Bailey   | Reached skill level 5 in Necromancy
 10338 | Bailey   | Noticed an orc knight
 10338 | Bailey   | Noticed an orc knight
 10390 | Bailey   | Killed an orc knight
 10390 | Bailey   | Reached skill level 5 in Spellcasting
 10484 | Bailey   | Killed an orc knight
 10725 | Temple   | Became a worshipper of Gozag Ym Sagoz the Greedy
 10797 | D:4      | Killed Ashiichan's ghost
 11249 | D:10     | Noticed a yaktaur captain
 11323 | D:10     | Noticed Josephine
 11360 | D:9      | Killed Josephine
 12300 | D:5      | Bought the amulet of the Duke {RegenMP Int+6} for 595 gold
                  | pieces
 12571 | D:10     | Killed a yaktaur captain
 12571 | D:10     | Reached XP level 12. HP: 49/84 MP: 5/21
 12814 | D:11     | Reached skill level 5 in Evocations
 13339 | D:11     | Found a staircase to the Orcish Mines.
 13495 | D:11     | Noticed a two-headed ogre
 13571 | D:11     | Killed a two-headed ogre
 13846 | D:11     | Noticed a four-headed hydra
 13847 | D:11     | Reached skill level 6 in Shields
 13915 | D:11     | Noticed a soul eater
 14051 | D:11     | Found a runed translucent door.
 14076 | D:11     | Noticed a wizard
 14087 | D:11     | Killed a wizard
 14116 | D:11     | Noticed a centaur warrior
 14195 | D:11     | Killed a centaur warrior
 14256 | D:11     | Reached skill level 7 in Shields
 14317 | D:11     | Got a translucent scimitar
 14319 | D:11     | Got a crude hand axe
 14838 | D:12     | Noticed Rupert
 14876 | D:11     | Identified the +9 scimitar of Laclyuh {slice, Dex+7} (You
                  | found it on level 11 of the Dungeon)
 14877 | D:11     | Identified the cursed +1 hand axe of Bloodstone {freeze,
                  | rN+ Str+5 Stlth+} (You found it on level 11 of the Dungeon)
 15177 | Orc:1    | Entered Level 1 of the Orcish Mines
 15488 | Orc:1    | Reached skill level 5 in Dodging
 15488 | Orc:1    | Reached XP level 13. HP: 84/92 MP: 22/22
 15667 | Orc:1    | Reached skill level 1 in Long Blades
 15741 | Orc:2    | Entered Level 2 of the Orcish Mines
 15817 | Orc:2    | Found Vefugawn's Armour Emporium.
 15821 | Orc:2    | Found a staircase to the Elven Halls.
 16071 | Orc:1    | Was forgiven by Kikubaaqudgha
 16100 | Orc:2    | Learned a level 5 spell: Dispel Undead
 16106 | Orc:2    | Learned a level 5 spell: Borgnjor's Vile Clutch
 16152 | Orc:2    | Noticed a stone giant
 16221 | Orc:2    | Killed a stone giant
 16221 | Orc:2    | Reached skill level 1 in Earth Magic
 16647 | Orc:2    | Found Daddary's Magic Scroll Shoppe.
 16648 | Orc:2    | Found Qusu Zuo's Distillery.
 16830 | Orc:2    | Bought a scroll of fog for 28 gold pieces
 16830 | Orc:2    | Lost mutation: You are somewhat resistant to further
                  | mutation. [potion of mutation]
 16830 | Orc:2    | Lost mutation: Scrolls take you a little longer to read.
                  | [potion of mutation]
 16830 | Orc:2    | Lost mutation: Your flesh is heat resistant. (rF+) [potion
                  | of mutation]
 16830 | Orc:2    | Gained mutation: You occasionally shout uncontrollably at
                  | your foes. [potion of mutation]
 16830 | Orc:2    | Gained mutation: Your spells are a little harder to cast,
                  | but a little more powerful. [potion of mutation]
 16830 | Orc:2    | Gained mutation: You are partially covered in rugged brown
                  | scales. (AC +1, +3% HP) [potion of mutation]
 16889 | Orc:2    | HP: 3/95 [ynoxinul/iron shot (15)]
 17417 | Orc:2    | Reached skill level 5 in Earth Magic
 17504 | Orc:2    | Found Goqaleaw's Book Boutique.
 17504 | Orc:2    | Found Riediej's Antique Weapon Shop.
 17506 | Orc:2    | Reached XP level 14. HP: 106/106 MP: 1/25
 17510 | Orc:2    | Found a one-way gate leading to the halls of Pandemonium.
 17569 | Orc:2    | Bought an encrusted hand crossbow for 170 gold pieces
 17569 | Orc:2    | Identified the +9 hand crossbow of the Unseen Realm {venom,
                  | rC+++ rN+ Str+3 Int-2} (You bought it in a shop on level 2
                  | of the Orcish Mines)
 18024 | D:9      | Found a runed translucent gate.
 18024 | D:9      | Found a runed translucent gate.
 18029 | D:9      | Found a runed translucent gate.
 18042 | D:9      | Noticed Mrkan's ghost (novice GrFi)
 18061 | D:9      | Gained mutation: You are frail. (-10% HP) [a neqoxec]
 18076 | D:9      | Killed Mrkan's ghost
 18158 | D:9      | Got a pair of shimmering boots
 18178 | D:9      | Gained mutation: You sometimes yell uncontrollably at your
                  | foes. [mutagenic glow]
 18229 | D:8      | Identified the -6 pair of boots of the Evening {MR+ Regen+
                  | Dex-2} (You found it on level 9 of the Dungeon)
 18253 | Lair:1   | Entered Level 1 of the Lair of Beasts
 18415 | Lair:1   | You fall through a shaft!
 18471 | Lair:2   | Got a transparent hand axe
 18472 | Lair:2   | Identified the cursed +2 hand axe "Piblil" {drain, MR+
                  | Str+4 Int-4 SInv} (You found it on level 2 of the Lair of
                  | Beasts)
 18789 | Lair:1   | Found a runed translucent gate.
 18789 | Lair:1   | Found a runed translucent gate.
 18790 | Lair:1   | Found a runed translucent gate.
 18805 | Lair:1   | Noticed Xantor's ghost (journeyman MiFi)
 18812 | Lair:1   | Killed Xantor's ghost
 18812 | Lair:1   | Reached skill level 1 in Crossbows
 19193 | Lair:2   | Got a pitted quarterstaff
 19204 | Lair:2   | Identified the +6 quarterstaff of Taopyoro {protect, +Fly
                  | Str+5} (You found it on level 2 of the Lair of Beasts)
 19895 | Lair:3   | Found a staircase to the Snake Pit.
 20406 | Lair:3   | Noticed Fannar
 20421 | Lair:3   | Killed Fannar
 20802 | Lair:4   | Noticed Sonja
 20815 | Lair:4   | Killed Sonja
 20836 | Lair:4   | Reached XP level 15. HP: 39/100 MP: 3/28
 21415 | Lair:4   | Found a staircase to the Shoals.
 21745 | Lair:5   | Reached skill level 10 in Necromancy
 21745 | Lair:5   | Reached skill level 10 in Spellcasting
 22037 | Lair:5   | Reached skill level 5 in Crossbows
 22136 | Lair:5   | Lost mutation: You sometimes yell uncontrollably at your
                  | foes. [potion of mutation]
 22136 | Lair:5   | Lost mutation: Your spells are a little harder to cast, but
                  | a little more powerful. [potion of mutation]
 22136 | Lair:5   | Lost mutation: You are frail. (-10% HP) [potion of
                  | mutation]
 22136 | Lair:5   | Gained mutation: You have very sharp teeth. [potion of
                  | mutation]
 22136 | Lair:5   | Gained mutation: You are resistant to electric shocks.
                  | (rElec) [potion of mutation]
 22136 | Lair:5   | Gained mutation: You have sharp toenails. [potion of
                  | mutation]
 22136 | Lair:5   | Gained mutation: Your movements are slightly less
                  | encumbered by armour. (ER -2) [potion of mutation]
 22137 | Lair:5   | Lost mutation: You have sharp toenails. [potion of
                  | mutation]
 22137 | Lair:5   | Lost mutation: Your movements are slightly less encumbered
                  | by armour. (ER -2) [potion of mutation]
 22137 | Lair:5   | Gained mutation: You are resistant to hostile enchantments.
                  | (MR+) [potion of mutation]
 22138 | Lair:5   | Lost mutation: You are resistant to hostile enchantments.
                  | (MR+) [potion of mutation]
 22138 | Lair:5   | Lost mutation: You are partially covered in rugged brown
                  | scales. (AC +1, +3% HP) [potion of mutation]
 22138 | Lair:5   | Lost mutation: You occasionally shout uncontrollably at
                  | your foes. [potion of mutation]
 22138 | Lair:5   | Lost mutation: You are resistant to electric shocks.
                  | (rElec) [potion of mutation]
 22138 | Lair:5   | Gained mutation: Your mind is acute. (Int +2) [potion of
                  | mutation]
 22138 | Lair:5   | Gained mutation: You are agile. (Dex +2) [potion of
                  | mutation]
 22139 | Lair:5   | Lost mutation: Your mind is acute. (Int +2) [potion of
                  | mutation]
 22139 | Lair:5   | Lost mutation: You are agile. (Dex +2) [potion of mutation]
 22139 | Lair:5   | Gained mutation: You are frail. (-10% HP) [potion of
                  | mutation]
 22139 | Lair:5   | Lost mutation: You are frail. (-10% HP) [potion of
                  | mutation]
 22140 | Lair:5   | Lost mutation: You have very sharp teeth. [potion of
                  | mutation]
 22140 | Lair:5   | Gained mutation: Scrolls take you a little longer to read.
                  | [potion of mutation]
 22140 | Lair:5   | Gained mutation: You passively map a small area around you.
                  | [potion of mutation]
 22141 | Lair:5   | Lost mutation: Scrolls take you a little longer to read.
                  | [potion of mutation]
 22141 | Lair:5   | Lost mutation: You passively map a small area around you.
                  | [potion of mutation]
 22141 | Lair:5   | Gained mutation: You are partially covered in thin metallic
                  | scales. (AC +2) [potion of mutation]
 22141 | Lair:5   | Gained mutation: You occasionally shout uncontrollably at
                  | your foes. [potion of mutation]
 22141 | Lair:5   | Gained mutation: You are agile. (Dex +2) [potion of
                  | mutation]
 22142 | Lair:5   | Lost mutation: You are agile. (Dex +2) [potion of mutation]
 22142 | Lair:5   | Gained mutation: You expend magic power (3 MP) to
                  | strengthen your wands. [potion of mutation]
 22142 | Lair:5   | Lost mutation: You expend magic power (3 MP) to strengthen
                  | your wands. [potion of mutation]
 22142 | Lair:5   | Gained mutation: Your flesh is cold resistant. (rC+)
                  | [potion of mutation]
 22608 | Lair:6   | Entered Level 6 of the Lair of Beasts
 22608 | Lair:6   | Found a staircase to the Slime Pits.
 22608 | Lair:6   | Found a viscous altar of Jiyva.
 22617 | Lair:6   | Reached skill level 10 in Earth Magic
 22797 | Lair:6   | HP: 3/108 [death yak (17)]
 24111 | D:12     | Reached XP level 16. HP: 115/115 MP: 17/31
 24124 | D:12     | Killed Rupert
 24248 | D:12     | Found a transporter.
 24363 | D:12     | Got a spiked chain mail
 24569 | D:12     | Found a transporter.
 24821 | D:12     | Identified the +1 chain mail "Miawn" {rN+ Regen+} (You
                  | found it on level 12 of the Dungeon)
 24885 | D:12     | Got a distressingly furry cloak
 24907 | D:12     | Identified the +2 cloak of the Illusory Nights {rCorr Dex-3
                  | SInv Stlth+} (You found it on level 12 of the Dungeon)
 25720 | D:14     | Found a runed translucent gate.
 25720 | D:14     | Found a runed translucent gate.
 25720 | D:14     | Found a runed translucent gate.
 25721 | D:14     | Noticed Ge0ff's ghost (journeyman GrEE)
 25743 | D:14     | Killed Ge0ff's ghost
 25892 | D:14     | Found a gate to the Vaults.
 25895 | D:14     | Reached skill level 5 in Long Blades
 26455 | D:15     | Entered Level 15 of the Dungeon
 26455 | D:15     | Found a staircase to the Depths.
 26455 | D:15     | Noticed a fire giant
 26456 | D:15     | Found Cocat's Magic Scroll Shoppe.
 26468 | D:15     | Reached skill level 8 in Shields
 26483 | D:15     | Bought a scroll of amnesia for 56 gold pieces
 26483 | D:15     | Bought a scroll of identify for 32 gold pieces
 26483 | D:15     | Bought a scroll of identify for 32 gold pieces
 26483 | D:15     | Bought a scroll of fog for 32 gold pieces
 26501 | D:15     | Killed a fire giant
 27058 | D:15     | Reached XP level 17. HP: 70/122 MP: 24/33
 27441 | D:5      | Bought the ring of Phasing {EV+8} for 1536 gold pieces
 27441 | D:5      | Found the ring of Phasing {EV+8}
 27510 | D:8      | Identified a scroll of acquirement
 27674 | Snake:1  | Entered Level 1 of the Snake Pit
 28074 | Snake:1  | Reached skill level 9 in Shields
 28608 | Snake:2  | Found Fuanycwa's General Store.
 28609 | Snake:2  | Noticed Louise
 28621 | Snake:2  | Reached skill level 10 in Armour
 28621 | Snake:2  | Reached XP level 18. HP: 132/132 MP: 35/35
 28633 | Snake:2  | Killed Louise
 28846 | Snake:2  | Noticed Aizul
 28855 | Snake:2  | Killed Aizul
 28871 | Snake:2  | Found Naq Joumm's Jewellery Emporium.
 28879 | Snake:2  | Noticed Vashnia
 28989 | Snake:2  | Reached skill level 10 in Fighting
 29077 | Snake:2  | Killed Vashnia
 30243 | Snake:4  | Entered Level 4 of the Snake Pit
 30503 | Snake:4  | Reached skill level 10 in Shields
 30503 | Snake:4  | Reached XP level 19. HP: 42/146 MP: 8/36
 30710 | Snake:4  | Reached skill level 11 in Shields
 30763 | Snake:4  | Reached skill level 12 in Shields
 30922 | Snake:4  | Reached skill level 13 in Shields
 31091 | Snake:4  | Got a serpentine rune of Zot
 31292 | Snake:4  | Reached skill level 14 in Shields
 31906 | D:9      | Bought a scroll of identify for 44 gold pieces
 31906 | D:9      | Bought a hardcover book for 330 gold pieces
 32016 | Orc:2    | Bought a potion of heal wounds for 75 gold pieces
 32016 | Orc:2    | Bought 2 potions of agility for 120 gold pieces
 32016 | Orc:2    | Bought a potion of brilliance for 60 gold pieces
 32016 | Orc:2    | Bought a potion of curing for 45 gold pieces
 32016 | Orc:2    | Bought a potion of curing for 45 gold pieces
 32016 | Orc:2    | Bought a potion of heal wounds for 75 gold pieces
 32016 | Orc:2    | Bought 2 potions of curing for 90 gold pieces
 32016 | Orc:2    | Bought a potion of curing for 45 gold pieces
 32285 | Snake:2  | Bought a scroll of enchant armour for 127 gold pieces
 32575 | Orc:2    | Bought a book of Battle for 520 gold pieces
 32575 | Orc:2    | Bought a book of Summonings for 910 gold pieces
 32575 | Orc:2    | Bought a book of Enchantments for 650 gold pieces
 32582 | Orc:2    | Learned a level 6 spell: Deflect Missiles
 32588 | Orc:2    | Learned a level 5 spell: Aura of Abjuration
 32592 | Orc:2    | Learned a level 3 spell: Spectral Weapon
 32601 | Orc:2    | Learned a level 8 spell: Necromutation
 32838 | Shoals:1 | Entered Level 1 of the Shoals
 33007 | Shoals:1 | Found Rimenwuf's Jewellery Shop.
 33053 | Shoals:1 | You fall through a shaft!
 33063 | Shoals:2 | Got a shimmering ring mail
 33094 | Shoals:2 | Identified the +5 ring mail "Ahuroisk" {rPois SInv} (You
                  | found it on level 2 of the Shoals)
 33329 | Shoals:2 | Reached skill level 5 in Charms
 33451 | Shoals:2 | Reached skill level 5 in Air Magic
 33755 | Shoals:2 | Got a distressingly furry scale mail
 33923 | Shoals:3 | Reached XP level 20. HP: 153/153 MP: 32/37
 34205 | Shoals:3 | Reached skill level 15 in Shields
 34305 | Shoals:4 | Entered Level 4 of the Shoals
 34327 | Shoals:4 | Noticed Bai Suzhen
 34370 | Shoals:4 | Noticed Ilsuiw
 34523 | Shoals:2 | Collided with a rock wall

Skill      XL: |  1  2  3  4  5  6  7  8  9 10 11 12 13 14 15 16 17 18 19 20 |
---------------+-------------------------------------------------------------+-----
Conjurations   | 1 2 3 4 5 |  5.0
Shields        | 1 2 3 4 5 7 8 9 10 14 15 | 15.0
Short Blades   | 1 |  1.0
Poison Magic   | 2 3 4 5 7 8 |  8.0
Air Magic      | 1 2 3 4 5 |  5.7
Dodging        | 2 3 5 6 7 8 |  8.2
Armour         | 1 2 3 5 6 7 8 10 | 10.0
Stealth        | 3 4 5 6 |  6.0
Fighting       | 1 2 3 5 6 7 8 9 12 | 12.0
Fire Magic     | 1 2 3 4 |  4.0
Charms         | 1 2 3 4 5 6 |  6.3
Necromancy     | 1 2 3 4 6 7 9 11 12 | 12.0
Spellcasting   | 4 6 7 9 11 12 13 | 13.0
Polearms       | 1 4 |  4.1
Evocations     | 1 4 6 |  6.0
Long Blades    | 4 5 |  5.9
Earth Magic    | 5 9 11 12 | 12.0
Crossbows      | 4 5 6 |  6.1
Summonings     | |  1.0
Translocations | |  0.8

Action                   |  1- 3 |  4- 6 |  7- 9 | 10-12 | 13-15 | 16-18 | 19-21 || total
-------------------------+-------+-------+-------+-------+-------+-------+-------++-------
Melee: Club              |    20 |       |       |       |       |       |       ||    20
       Dagger            |    50 |   176 |   323 |   791 |       |       |       ||  1340
       Spear             |       |       |    30 |   250 |       |       |       ||   280
       Short sword       |       |       |     5 |       |       |       |       ||     5
       Scimitar          |       |       |       |    44 |   542 |   208 |    99 ||   893
 Fire: Hand crossbow     |       |       |       |       |       |   122 |   218 ||   340
Throw: Stone             |       |       |     1 |    42 |       |       |       ||    43
 Cast: Magic Dart        |    58 |    67 |    50 |   265 |    39 |     6 |       ||   485
       Mephitic Cloud    |     1 |    12 |    20 |    72 |    45 |     3 |       ||   153
       Conjure Flame     |       |       |    18 |    59 |    13 |     2 |       ||    92
       Regeneration      |       |       |     6 |    67 |    69 |    49 |    30 ||   221
       Sublimation of Bl |       |       |       |     8 |     9 |     4 |     3 ||    24
       Borgnjor's Vile C |       |       |       |       |   145 |   188 |   140 ||   473
       Dispel Undead     |       |       |       |       |     5 |    10 |       ||    15
Invok: Receive Necronomi |       |       |       |     1 |       |       |       ||     1
       Renounce Religion |       |       |       |     1 |       |       |       ||     1
 Abil: Dig               |     3 |     1 |    12 |    25 |     8 |    13 |     5 ||    67
Evoke: Wand              |       |       |       |    17 |     2 |       |       ||    19
       Phial of floods   |       |       |       |       |     1 |     1 |       ||     2
  Use: Scroll            |       |     6 |       |    10 |     3 |    10 |     2 ||    31
       Potion            |       |     2 |       |     4 |     9 |     9 |     4 ||    28
 Stab: Sleeping          |       |     3 |     3 |     7 |     6 |     5 |       ||    24
       Confused          |       |     3 |    10 |    39 |    38 |       |       ||    90
       Distracted        |       |     1 |       |       |     3 |     3 |       ||     7
       Paralysed         |       |       |       |     2 |       |       |       ||     2
       Petrified         |       |       |       |       |     6 |       |       ||     6
       Petrifying        |       |       |       |       |     1 |       |       ||     1
  Eat: Chunk             |     1 |     9 |    13 |    18 |       |       |       ||    41
       Ration            |       |       |     1 |     7 |    16 |     8 |     6 ||    38
Armor: Robe              |    18 |    29 |    26 |    26 |    49 |    48 |    25 ||   221
       Leather armour    |       |       |    20 |   151 |    34 |    23 |    12 ||   240
Dodge: Dodged            |    50 |    68 |   133 |   506 |   553 |   329 |   197 ||  1836
Block: Buckler           |       |    23 |    55 |   182 |   226 |   118 |    32 ||   636
       Large shield      |       |       |       |       |       |       |   113 ||   113
       Rpst.: Scimitar   |       |       |       |    12 |   139 |    70 |    18 ||   239
